AoeStats
← HUESOS

Yucatan

510394865Analyzed
2v2 RM · 18h ago on Sep 30, 2026· 53m 12s· 4 players
Game mode
Random Map
Map size
Medium (4 player)
Population
200
Speed
Normal
Resources
Standard
Victory
Conquest
Starting age
Dark Age
Ending age
Imperial Age
RankedLock teamsTeams togetherTeam positionsShared explorationLock speedFull tech treeHidden civsTurbo modeCheats
Victory
Defeat
🇺🇸 Hindustanis · United States
939
+14
🇰🇿 Byzantines · Kazakhstan
903
+16
🇫🇷 Franks · France
912
-16
🇫🇷 Vietnamese · France
884
-14
xdmastorx
9:58 Loom
11:43 Feudal Age
16:09 Bloodlines
16:46 Forging
21:17 Castle Age
19:52 Scale Barding Armor
21:49 Town Watch
21:40 Light Cavalry
23:41 Iron Casting
23:10 Husbandry
27:36 Sanctity
27:43 Chain Barding Armor
31:38 Wheelbarrow
31:50 Gold Mining
31:47 Double-Bit Axe
37:07 Imperial Age
37:27 Scale Mail Armor
38:19 Conscription
39:24 Chemistry
38:18 Horse Collar
39:32 Conscription
38:55 Hussar
40:25 Heavy Camel Rider
42:06 Plate Barding Armor
46:46 Shatagni
48:45 Padded Archer Armor
49:45 Blast Furnace
48:37 Fletching
50:48 Gold Shaft Mining
50:04 Stone Mining
49:42 Imperial Camel Rider
50:46 Squires
53:29 Hand Cart
53:27 Siege Engineers
HUESOS
7:57 Loom
11:20 Feudal Age
16:06 Castle Age
14:43 Double-Bit Axe
16:11 Scale Mail Armor
16:06 Gold Mining
17:06 Bow Saw
17:07 Horse Collar
20:38 Squires
23:40 Wheelbarrow
23:49 Forging
29:04 Heavy Plow
29:41 Gold Shaft Mining
30:13 Hand Cart
31:09 Gambesons
31:26 Caravan
34:58 Imperial Age
33:06 Scale Barding Armor
35:23 Husbandry
35:13 Elite Cataphract
37:43 Elite Varangian Guard
38:49 Chain Barding Armor
39:04 Iron Casting
39:21 Logistica
41:10 Plate Barding Armor
44:39 Greek Fire
46:44 Guard Tower
47:54 Chemistry
46:49 Guard Tower
46:46 Arrowslits
48:01 Chain Mail Armor
Raoul le teigneux
0:28 Loom
11:23 Feudal Age
13:46 Double-Bit Axe
17:37 Forging
17:49 Stone Mining
20:17 Castle Age
19:16 Scale Mail Armor
19:38 Scale Barding Armor
19:51 Gold Mining
20:39 Fletching
22:55 Chain Barding Armor
29:27 Gold Shaft Mining
29:17 Pikeman
34:13 Imperial Age
32:45 Chain Mail Armor
35:25 Wheelbarrow
35:52 Plate Mail Armor
37:48 Chemistry
37:34 Conscription
39:15 Padded Archer Armor
43:59 Murder Holes
43:49 Elite Throwing Axeman
RealKing59
4:12 Loom
12:27 Feudal Age
14:31 Double-Bit Axe
17:17 Castle Age
16:29 Bloodlines
16:55 Forging
18:33 Wheelbarrow
21:14 Horse Collar
25:31 Fletching
26:59 Heavy Plow
31:20 Scale Mail Armor
38:10 Hand Cart
40:41 Imperial Age
38:11 Bodkin Arrow
39:17 Ballistics
39:34 Husbandry
39:37 Padded Archer Armor
44:48 Chain Mail Armor
45:20 Block Printing
45:26 Sanctity
45:32 Pikeman
46:12 Squires
48:05 Arson
48:23 Bracer
48:41 Leather Archer Armor
Connection lost

Rejoining the realm…

Still unreachable

The connection could not be restored.

Session expired

The server has moved on; the page needs a fresh start.